 Dungeon Sprint DCSS version 0.16-a0-3253-g5709529 (webtiles) character file.

499 BluebellGnoll the Destroyer (level 6, -3/32 HPs)
             Began as a Deep Elf Fire Elementalist on Dec 23, 2014.
             Was a Believer of Vehumet.
             Killed by an exploding giant spore (27 damage)
             ... in the Dungeon (Sprint IX: "|||||||||||||||||||||||||||||").
             The game lasted 00:05:25 (749 turns).

BluebellGnoll the Destroyer (DEFE)                   Turns: 749, Time: 00:05:25

Health: -3/32      AC:  5    Str:  5    XL:     6   Next: 94%
Magic:  25/27      EV: 15    Int: 22    God:    Vehumet [**....]
Gold:   0          SH:  0    Dex: 18    Spells: 6 memorised, 10 levels left

rFire  . . .     SeeInvis +     n - +2 scimitar of Wealth {freeze, rPois SInv}
rCold  . . .     Clarity  .     a - +0 robe
rNeg   . . .     SustAb   .     (no shield)
rPois  +         Gourm    .     (no helmet)
rElec  .         Spirit   .     o - +0 cloak
rCorr  .         Warding  .     (no gloves)
rMut   .         NoTele   +     (no boots)
MR     .....                    (no amulet)
Stlth  +.........               q - +3 ring of dexterity
                                p - +2 ring of protection

@: confused, not resistant to hostile enchantments, very unstealthy
A: no striking features
a: Renounce Religion


You were in the Dungeon.
You worshipped Vehumet.
Vehumet was pleased with you.
You were not hungry.

You visited 1 branch

Inventory:

Hand weapons
 k - a +0 dagger
 n - the +2 scimitar of Wealth (weapon) {freeze, rPois SInv}
   (You found it in the Dungeon)

   It has been specially enchanted to freeze those struck by it, causing extra
   injury to most foes and up to half as much damage over again against
   particularly susceptible opponents.
   It can also slow down cold-blooded creatures.
   It protects you from poison.
   It enhances your eyesight.
Armour
 a - a +0 robe (worn)
 o - a +0 cloak (worn)
Magical staves
 m - an uncursed staff of energy
Jewellery
 p - a +2 ring of protection (left hand)
 q - a +3 ring of dexterity (right hand)
Magical devices
 l - a wand of fire (6)
Scrolls
 h - 3 scrolls of remove curse
 i - 2 scrolls of blinking
 j - 2 scrolls of amnesia
Potions
 d - 5 potions of curing
 e - 3 potions of heal wounds
 f - a potion of invisibility
 g - 4 potions of magic
Books
 b - a book of Flames

   Spells                             Type                      Level
   a - Flame Tongue                   Conjuration/Fire             1
   b - Throw Flame                    Conjuration/Fire             2
   c - Conjure Flame                  Conjuration/Fire             3
   d - Inner Flame                    Hexes/Fire                   3
   e - Sticky Flame                   Conjuration/Fire             4
   f - Fireball                       Conjuration/Fire             5
Comestibles
 c - a bread ration


   Skills:
 + Level 4.2 Dodging
 + Level 3.4 Stealth
 - Level 11.8 Spellcasting
 - Level 12.1 Conjurations
 - Level 3.2 Fire Magic


You had 10 spell levels left.
You knew the following spells:

 Your Spells              Type           Power        Failure   Level  Hunger
a - Flame Tongue          Conj/Fire      #####        1%          1    None
b - Throw Flame           Conj/Fire      #####.       1%          2    None
c - Conjure Flame         Conj/Fire      #####...     1%          3    None
d - Inner Flame           Hex/Fire       ###.....     10%         3    None
e - Sticky Flame          Conj/Fire      #####...     1%          4    None
f - Fireball              Conj/Fire      #####.....   8%          5    ####...


Dungeon Overview and Level Annotations

Branches:
Dungeon (1/1)

Altars:
Cheibriados
Dithmenos
Elyvilon
Fedhas
Gozag
Kikubaaqudgha
Makhleb
Nemelex Xobeh
Okawaru
Qazlal
Ru
Sif Muna
Trog
Vehumet
Xom
Yredelemnul
Zin
The Shining One
Beogh
Jiyva
Lugonu


Message History

Vehumet offers you knowledge of Searing Ray.
You feel your power returning.
Your Dodging skill gained 2 levels and is now at level 4!
Your Stealth skill increases to level 3!
The bolt of fire misses the giant spore.
The bolt of fire misses the centaur warrior.
The bolt of fire hits the worker ant.
The worker ant is heavily wounded.
The bolt of fire hits the sky beast.
The sky beast is heavily wounded.
This wand has 6 charges left.
A ballistomycete grows in the wake of the giant spore.
The sky beast flickers out of sight for a moment.
The centaur warrior hits the ballistomycete!
The giant spore explodes!
The explosion of spores engulfs the ballistomycete.
The explosion of spores engulfs you!
You are confused.
Ouch! That really hurt!
You die...

▓.▓
▓.▓
▓n▓
▓Y▓
▓a▓
▓c▓
▓P▓
▓.▓
▓@▓
▓.▓
▓.▓
▓.▓
▓'▓
▓.▓
▓.▓
▓[▓
▓[▓


You could see a centaur warrior, a sky beast (invisible), a necrophage and a
worker ant.

Vanquished Creatures
  3 sky beasts (D)
  An ice beast (D)
  2 giant frogs (D)
  A giant cockroach (D)
  2 goblins (D)
  A hobgoblin (D)
  A jackal (D)
  A kobold (D)
  3 bats (D)
  2 rats (D)
17 creatures vanquished.

Notes
Turn   | Place    | Note
--------------------------------------------------------------
     0 | D        | BluebellGnoll, the Deep Elf Fire Elementalist, began the quest for the Orb.
     0 | D        | Reached XP level 1. HP: 10/10 MP: 5/5
     7 | D        | Reached skill level 4 in Spellcasting
     9 | D        | Reached skill level 5 in Spellcasting
   252 | D        | Noticed a sky beast
   254 | D        | Reached skill level 6 in Spellcasting
   254 | D        | Reached XP level 2. HP: 15/15 MP: 8/12
   260 | D        | Learned a level 2 spell: Throw Flame
   277 | D        | Killed a sky beast
   277 | D        | Reached skill level 11 in Spellcasting
   277 | D        | Reached XP level 3. HP: 19/19 MP: 4/21
   277 | D        | Reached XP level 4. HP: 24/24 MP: 4/24
   290 | D        | Found a glowing silver altar of Zin.
   290 | D        | Found a glowing golden altar of the Shining One.
   290 | D        | Found an ancient bone altar of Kikubaaqudgha.
   290 | D        | Found a basalt altar of Yredelemnul.
   290 | D        | Found a shimmering altar of Xom.
   290 | D        | Found a radiant altar of Vehumet.
   290 | D        | Found an iron altar of Okawaru.
   291 | D        | Found a burning altar of Makhleb.
   292 | D        | Found a deep blue altar of Sif Muna.
   293 | D        | Found a bloodstained altar of Trog.
   294 | D        | Found a sparkling altar of Nemelex Xobeh.
   295 | D        | Found a white marble altar of Elyvilon.
   296 | D        | Found a roughly hewn altar of Beogh.
   297 | D        | Found a viscous altar of Jiyva.
   298 | D        | Became a worshipper of Vehumet
   299 | D        | Found a corrupted altar of Lugonu.
   300 | D        | Found a blossoming altar of Fedhas.
   301 | D        | Found a snail-covered altar of Cheibriados.
   302 | D        | Found a shadowy altar of Dithmenos.
   303 | D        | Found a stormy altar of Qazlal.
   304 | D        | Found an opulent altar of Gozag.
   305 | D        | Found a sacrificial altar of Ru.
   324 | D        | Got the +2 scimitar of Wealth {freeze, rPois SInv}
   339 | D        | Learned a level 3 spell: Conjure Flame
   343 | D        | Learned a level 3 spell: Inner Flame
   348 | D        | Learned a level 4 spell: Sticky Flame
   384 | D        | Noticed a sky beast
   384 | D        | Noticed a giant frog
   384 | D        | Noticed a sky beast
   384 | D        | Noticed an ice beast
   395 | D        | Killed an ice beast
   395 | D        | Reached XP level 5. HP: 28/28 MP: 10/25
   536 | D        | Killed a sky beast
   536 | D        | Reached XP level 6. HP: 24/32 MP: 15/27
   540 | D        | Killed a giant frog
   540 | D        | Acquired Vehumet's first power
   540 | D        | Offered knowledge of Sting by Vehumet.
   551 | D        | Killed a sky beast
   551 | D        | Reached skill level 12 in Conjurations
   680 | D        | Learned a level 5 spell: Fireball
   745 | D        | Noticed a necrophage
   745 | D        | Noticed a sky beast
   745 | D        | Noticed a worker ant
   745 | D        | Noticed a centaur warrior
   745 | D        | Noticed a giant frog
   749 | D        | Killed a giant frog
   749 | D        | Offered knowledge of Searing Ray by Vehumet.
   749 | D        | Killed by an exploding giant spore

Action                   |  1- 3 |  4- 6 || total
-------------------------+-------+-------++-------
Melee: Whip              |    13 |       ||    13
       Dagger            |     5 |       ||     5
 Cast: Flame Tongue      |    13 |    21 ||    34
       Conjure Flame     |       |     5 ||     5
       Sticky Flame      |       |     4 ||     4
       Inner Flame       |       |     1 ||     1
Evoke: Wand              |       |     1 ||     1
  Use: Potion            |     2 |       ||     2
